 Dungeon Crawl Stone Soup version 0.24-a0-291-g79c1ce788c (webtiles) character file.

Game seed: 8514242364268290828

2345 Jannitor the Skirmisher (level 9, -4/48 HPs)
             Began as a Vine Stalker Fighter on May 9, 2019.
             Was a Follower of Uskayaw.
             Slain by a manticore (10 damage)
             ... on level 9 of the Dungeon.
             The game lasted 00:04:57 (4104 turns).

Jannitor the Skirmisher (Vine Stalker Fighter)      Turns: 4104, Time: 00:04:58

Health: -4/48      AC: 11    Str: 22    XL:     9   Next: 43%
Magic:  0/13       EV:  6    Int:  8    God:    Uskayaw [*.....]
Gold:   302        SH: 15    Dex: 14    Spells: 8/8 levels left

rFire    . . .     SeeInvis .   a - +0 war axe
rCold    . . .     Gourm    .   d - +0 large shield
rNeg     . . .     Faith    .   b - +0 scale mail
rPois    .         Spirit   +   (no helmet)
rElec    .         Reflect  .   (no cloak)
rCorr    .         Harm     .   o - +2 pair of gloves
MR       +....                  l - +0 pair of boots
Stlth    ..........             (no amulet)
HPRegen  0.56/turn              q - ring of attention (curse)
MPRegen  0.13/turn              (no ring)

@: about to teleport
A: fangs 3, regeneration 1, magic shield, antimagic bite, no potion heal 3, rot
immunity
a: Stomp, Renounce Religion


You were on level 9 of the Dungeon.
You worshipped Uskayaw.
Uskayaw was noncommittal.
You were hungry.

You visited 2 branches of the dungeon, and saw 10 of its levels.

You collected 302 gold pieces.

Inventory:

Hand Weapons
 a - a +0 war axe (weapon)
Armour
 b - a +0 scale mail (worn)
 c - a +0 shield
 d - a +0 large shield (worn)
 l - a +0 pair of boots (worn)
 o - a +2 pair of gloves (worn)
Jewellery
 q - a cursed ring of attention (left hand)
Wands
 h - a wand of clouds (8)
Scrolls
 e - a scroll of fog
 i - 4 scrolls of identify
 r - a scroll of amnesia
Potions
 j - 3 potions of curing
 m - a potion of mutation {unknown}
 n - 2 potions of haste
 p - a potion of cancellation {unknown}
Comestibles
 f - 10 rations


   Skills:
 + Level 5.9 Fighting
 + Level 5.4 Axes
 + Level 5.3 Armour
 + Level 5.8 Shields
 + Level 4.4 Invocations


You had 8 spell levels left.
You didn't know any spells.
Your spell library contained the following spells:

 Spells                   Type           Power        Failure   Level  Hunger
 Poisonous Vapours        Pois/Air       #.....       100%        2    ###....
 Conjure Flame            Conj/Fire      #.......     100%        3    ####...
 Mephitic Cloud           Conj/Pois/Air  #.......     100%        3    ####...
 Freezing Cloud           Conj/Ice/Air   #.........   100%        6    #######
 Ring of Flames           Chrm/Fire      #.........   100%        7    #######


Dungeon Overview and Level Annotations

Branches:
Dungeon (9/15)             Temple (1/1) D:4
   Lair: D:8-11         Orc: D:9-12

Altars:
Ashenzari
Dithmenos
Elyvilon
Fedhas
Hepliaklqana
Kikubaaqudgha
Makhleb
Okawaru
Qazlal
Ru
Sif Muna
Trog
Uskayaw
Vehumet
Wu Jian
Xom
Yredelemnul
Zin
The Shining One

Annotations:
D:4 2 runed translucent doors, dracos369's ghost, amateur OpTm
D:5 exclusion: door


Innate Abilities, Weirdness & Mutations

You have razor-sharp teeth.
Your natural rate of healing is unusually fast.
When hurt, damage is shared between your health and your magic reserves.
Your bite disrupts and absorbs the magic of your enemies.
Potions cannot restore your health.
You are immune to rotting.


Message History

You block the manticore's attack. x2; The manticore claws you.
You block the manticore's attack.
You hit the manticore.
You bite the manticore, but do no damage.
The manticore is moderately wounded.
The manticore bites you! The manticore claws you!
* * * LOW HITPOINT WARNING * * *
You block the manticore's attack.
You hit the manticore but do no damage. Your bite misses the manticore.
The manticore is moderately wounded.
The manticore bites you!
* * * LOW HITPOINT WARNING * * *
The manticore claws you.
* * * LOW HITPOINT WARNING * * *
You block the manticore's attack.
Okay, then.
Unknown command.
As you read the scroll of teleportation, it crumbles to dust.
You feel strangely unstable. The manticore bites you!
You die...

#.###..######.. #.
....................#
#.
..#.....####........
#######. #.##...##
....... ........
#......# ..... ##....<
#####.## #...# #..##.
#.# ... #. ## ##'##
#.###H###.# # ##.†.##
#....@....# #
##.....## #####.#####
. #.......## ##..# #
#.........####...####
+.........'...........
#.........####...#####
##.......## ##..#
##.....## ##.# ##...##
#.#


You could see a manticore.

Vanquished Creatures
  A troll (D:9)
  A hornet (D:9)
  Prince Ribbit (D:5)
  Sigmund (D:3)
  4 sky beasts
  A centaur (D:5)
  A big kobold (D:7)
  3 bullfrogs
  3 crimson imps
  A bullfrog zombie (D:6)
  2 orc priests
  A jelly (D:6)
  2 bullfrog skeletons
  An iguana (D:6)
  2 orc wizards
  2 centaur skeletons (D:5)
  7 worker ants
  2 worker ant zombies
  7 gnolls
  9 adders
  2 shadow imps (D:5)
  2 leopard geckos
  20 orcs
  A giant cockroach (D:6)
  3 goblins
  5 hobgoblins
  4 jackals (D:1)
  7 kobolds
  2 quokkas
  6 frilled lizards
  4 rats (D:3)
108 creatures vanquished.

Notes
Turn   | Place    | Note
-------+----------+-------------------------------------------
     0 | D:1      | Jannitor the Vine Stalker Fighter began the quest for the
                  | Orb.
     0 | D:1      | Reached XP level 1. HP: 11/11 MP: 2/2
    90 | D:1      | Reached XP level 2. HP: 14/16 MP: 3/3
   450 | D:3      | Reached XP level 3. HP: 10/20 MP: 4/4
   713 | D:3      | Noticed Sigmund
   720 | D:3      | Killed Sigmund
   720 | D:3      | Gained mutation: Your natural rate of healing is unusually
                  | fast. [Vine Stalker growth]
   720 | D:3      | Reached XP level 4. HP: 6/25 MP: 2/5
   720 | D:3      | Reached XP level 5. HP: 7/28 MP: 2/6
  1092 | D:4      | Found an iron altar of Okawaru.
  1093 | D:4      | Found an ornate altar of the Wu Jian Council.
  1093 | D:4      | Found a hazy altar of Hepliaklqana.
  1093 | D:4      | Found a basalt altar of Yredelemnul.
  1096 | D:4      | Found a shadowy altar of Dithmenos.
  1160 | D:4      | Found a runed translucent door.
  1168 | D:4      | Noticed dracos369's ghost (amateur OpTm)
  1197 | D:4      | Found a runed translucent door.
  1358 | D:4      | Reached XP level 6. HP: 25/33 MP: 7/7
  1414 | D:4      | Found a staircase to the Ecumenical Temple.
  1847 | Temple   | Entered the Ecumenical Temple
  1857 | Temple   | Became a worshipper of Uskayaw the Reveler
  1870 | D:5      | Entered Level 5 of the Dungeon
  1875 | D:5      | Reached * piety under Uskayaw
  1888 | D:5      | Reached ** piety under Uskayaw
  2018 | D:5      | Noticed Prince Ribbit
  2170 | D:5      | Reached XP level 7. HP: 13/37 MP: 6/8
  2265 | D:5      | Found a deep blue altar of Sif Muna.
  2269 | D:5      | Reached skill level 1 in Invocations
  2328 | D:5      | Reached *** piety under Uskayaw
  2329 | D:5      | Killed Prince Ribbit
  2593 | D:5      | Gained mutation: You have razor-sharp teeth. [Vine Stalker
                  | growth]
  2593 | D:5      | Reached XP level 8. HP: 23/42 MP: 5/10
  3164 | D:6      | Reached **** piety under Uskayaw
  3283 | D:6      | Reached skill level 5 in Fighting
  3409 | D:6      | Reached skill level 5 in Shields
  3558 | D:8      | Reached ***** piety under Uskayaw
  3628 | D:8      | Reached skill level 5 in Axes
  3652 | D:8      | Reached XP level 9. HP: 47/47 MP: 12/12
  3755 | D:8      | Reached skill level 5 in Armour
  3768 | D:9      | Noticed a troll
  3774 | D:9      | Killed a troll
  4003 | D:9      | Noticed a hornet
  4013 | D:9      | Killed a hornet
  4094 | D:9      | Noticed a manticore
  4104 | D:9      | Slain by a manticore

Levels and vault maps discovered:
D:1:      eino_arrival_water_cross, layout_loops_ring, item_on_display_a
D:2:      layout_loops_cross
D:3:      layout_rooms, uniq_sigmund
D:4:      layout_basic, grunt_temple_overflow_open, temple_statues,
          serial_bayou, serial_bayou_ford_a, serial_bayou_lagoon_a,
          serial_bayou_pond_e, serial_bayou_shore_b, ebering_ghost_sewer_f
D:5:      layout_loops_corners, first_ration, led_sif_book, uniq_prince_ribbit1
D:6:      layout_rooms, hangedman_abyss_or_decor_stabs, minmay_misc_feat_five
D:7:      layout_rooms, lemuel_round_altar, grunt_ogre_cave, chequers_arboretum,
          guppyfry_shop_venom
D:8:      layout_basic
D:9:      layout_loops_corners, biasface_ghost_orc_armoury
Temple:   nicolae_temple_x_marks_the_god

Skill      XL: |  1  2  3  4  5  6  7  8  9 |
---------------+----------------------------+-----
Axes           | 2 3 4 5 |  5.4
Fighting       | 3 4 5 |  5.9
Shields        | 3 4 5 |  5.8
Armour         | 3 4 5 |  5.3
Invocations    | 2 3 4 |  4.4

Action                   |  1- 3 |  4- 6 |  7- 9 || total
-------------------------+-------+-------+-------++-------
Melee: War axe           |    74 |   101 |   188 ||   363
       Bite              |    21 |    27 |    57 ||   105
  Use: Potion            |     1 |     4 |     1 ||     6
       Scroll            |       |       |     7 ||     7
 Stab: Paralysed         |       |       |    17 ||    17
  Eat: Chunk             |       |     4 |     6 ||    10
Armor: Scale mail        |    26 |    33 |    93 ||   152
       Skin              |       |     8 |       ||     8
Dodge: Dodged            |    32 |    18 |    28 ||    78
Block: Shield            |    42 |    48 |     9 ||    99
       Large shield      |       |       |   151 ||   151

Table legend:
 A = Non-vault XP
 B = Vault XP
 C = Vault XP percentage of total XP
 D = Non-vault monster count
 E = Vault monster count
 F = Vault count percentage of total count
                 A         B        C        D         E       F
            +---------+---------+-------+---------+---------+-------
      Total |    2863 |     487 |  14.5 |     106 |       2 |   1.9
            +---------+---------+-------+---------+---------+-------
        D:1 |      19 |       0 |   0.0 |      10 |       0 |   0.0
        D:2 |       3 |       0 |   0.0 |       2 |       0 |   0.0
        D:3 |      49 |     223 |  82.0 |      16 |       1 |   5.9
        D:4 |      69 |       0 |   0.0 |       2 |       0 |   0.0
        D:5 |     588 |     264 |  31.0 |      17 |       1 |   5.6
        D:6 |     611 |       0 |   0.0 |      23 |       0 |   0.0
        D:7 |     213 |       0 |   0.0 |       8 |       0 |   0.0
        D:8 |     462 |       0 |   0.0 |      23 |       0 |   0.0
        D:9 |     849 |       0 |   0.0 |       5 |       0 |   0.0
            +---------+---------+-------+---------+---------+-------
